 Dungeon Crawl Stone Soup version 0.25-a0-424-g80bd347ae0 (webtiles) character file.

Game seed: 991065566852798160, levelgen mode: deterministic

2643 kae the Transmogrifier (level 9, -8/67 HPs)
             Began as a White Draconian Transmuter on Jan 23, 2020.
             Mangled by a two-headed ogre
             ... wielding a +0 giant club
              (17 damage)
             ... on level 8 of the Dungeon.
             The game lasted 00:09:34 (9116 turns).

kae the Transmogrifier (White Draconian Transmuter) Turns: 9116, Time: 00:09:35

Health: -8/67      AC:  7    Str:  8    XL:     9   Next: 35%
Magic:  9/12       EV: 12    Int: 13    God:
Gold:   367        SH:  0    Dex: 16    Spells: 2/13 levels left

rFire    + . .     SeeInvis .     - Unarmed
rCold    + . .     Gourm    .   (shield currently unavailable)
rNeg     . . .     Faith    .   (armour unavailable)
rPois    .         Spirit   .   (helmet restricted)
rElec    .         Reflect  .   (no cloak)
rCorr    .         Harm     .   (gloves currently unavailable)
MR       .....                  (no boots)
Stlth    ..........             (no amulet)
HPRegen  0.21/turn              u - ring of attention (curse)
MPRegen  0.13/turn              g - ring of protection from fire

@: about to teleport, blade hands (expiring)
A: breathe frost, unfitting armour, cold resistance 1, weak 2, wild magic 1,
cold-blooded, MP-powered wands, AC +7
a: Breathe Frost, End Transformation


You were on level 8 of the Dungeon.
You were near starving.
You had blades for hands.
You visited 2 branches of the dungeon, and saw 9 of its levels.
You also visited: Sewer.

You collected 367 gold pieces.

Inventory:

Hand Weapons
 d - a +0 spear
 m - a +2 vorpal morningstar (melded)
Missiles
 a - 99 arrows
Jewellery
 e - an uncursed ring of resist corrosion
 g - a ring of protection from fire (right scythe-like blade)
 s - an uncursed ring of fire
 t - an uncursed amulet of harm
 u - a cursed ring of attention (left scythe-like blade)
Wands
 l - a wand of iceblast (7)
 x - a wand of polymorph (4)
Scrolls
 b - 5 scrolls of teleportation
 o - 5 scrolls of remove curse
 p - a scroll of fog
 q - 3 scrolls of fear
 v - a scroll of summoning {unknown}
Potions
 f - a potion of cancellation
 h - 5 potions of curing
 i - 2 potions of heal wounds
 j - a potion of haste
 k - 5 potions of magic
 n - 2 potions of lignification
 r - 2 potions of brilliance
 w - a potion of agility
Comestibles
 c - 12 rations


   Skills:
 + Level 2.2 Fighting
 - Level 1.7 Dodging
 + Level 3.5 Unarmed Combat
 + Level 2.5 Spellcasting
 - Level 12.2 Transmutations


You had 2 spell levels left.
You knew the following spells:

 Your Spells              Type           Power        Failure   Level  Hunger
a - Beastly Appendage     Tmut           #####.       12%         1    #......
b - Sticks to Snakes      Tmut           #####...     14%         2    ###....
c - Spider Form           Tmut/Pois      ###.......   45%         3    ###....
d - Blade Hands           Tmut           #####.....   38%         5    ######.

Your spell library contained the following spells:

 Spells                   Type           Power        Failure   Level  Hunger
 Ice Form                 Ice/Tmut       ###.....     69%         4    #####..


Dungeon Overview and Level Annotations

Branches:
Dungeon (8/15)             Temple (1/1) D:5           Sewer (visited)
   Lair: D:8-11

Altars:
Ashenzari
Cheibriados
Elyvilon
Fedhas
Gozag
Hepliaklqana
Kikubaaqudgha
Makhleb
Nemelex Xobeh
Okawaru
Qazlal
Ru
Sif Muna
Trog
Uskayaw
Vehumet
Wu Jian
Xom
Zin
The Shining One

Annotations:
D:4 Duvessa


Innate Abilities, Weirdness & Mutations

You can breathe waves of freezing cold.
You can buffet flying creatures when you breathe cold.
Your icy white scales are hard. (AC +7)
You cannot fit into any form of body armour.
Your flesh is cold resistant. (rC+)
You are cold-blooded and may be slowed by cold attacks.
You are very weak. (Str -4)
Your spells are a little harder to cast, but a little more powerful.
You expend magic power (3 MP) to strengthen your wands.


Message History

Your +2 vorpal morningstar melds into your body.
You are near starving!
You hit the two-headed ogre.
The two-headed ogre is lightly wounded.
The two-headed ogre hits you with a +0 giant club!
The two-headed ogre hits you with a +0 giant spiked club!!
You slash the two-headed ogre! You tail-slap the two-headed ogre.
Your slash misses the two-headed ogre.
The two-headed ogre is moderately wounded.
The two-headed ogre hits you with a +0 giant club!
* * * LOW HITPOINT WARNING * * *
The two-headed ogre hits you with a +0 giant spiked club!
* * * LOW HITPOINT WARNING * * *
Okay, then.
Your transformation is almost over.
As you read the scroll of teleportation, it crumbles to dust.
You feel strangely unstable. The two-headed ogre closely misses you.
The two-headed ogre hits you with a +0 giant spiked club!
You die...

#........#.#
###........#
#.######## #.# #.# #.#
#.#
####################.#
................@O...#
######################


You could see a two-headed ogre.

Vanquished Creatures
  Pikel (D:6)
  2 ice beasts
  A black bear (D:7)
  A phantom (D:7)
  3 ogres
  A crocodile (D:7)
  Blork the orc (D:4)
  3 bullfrogs
  Dowan (D:4)
  A scorpion (D:7)
  4 wights (D:6)
  A howler monkey (D:6)
  2 crimson imps
  A jelly (D:5)
  3 hounds
  A gnoll shaman (D:3)
  2 orc priests
  A centaur skeleton (D:5)
  7 orc wizards
  3 worker ants
  2 iguanas
  A worker ant zombie (D:6)
  7 gnolls
  2 river rats (D:3)
  9 adders
  A shadow imp (D:7)
  An adder skeleton (D:5)
  3 worms
  4 dart slugs
  5 leopard geckos
  7 orcs
  12 giant cockroaches
  3 hobgoblins (D:2)
  21 jackals
  11 kobolds
  5 quokkas
  7 ball pythons
  4 bats
  7 frilled lizards
  5 goblins
  2 jackal skeletons
  11 rats
170 creatures vanquished.

Vanquished Creatures (others)
  4 gnolls (D:6)
4 creatures vanquished.

Grand Total: 174 creatures vanquished

Notes
Turn   | Place    | Note
-------+----------+-------------------------------------------
     0 | D:1      | kae the Draconian Transmuter began the quest for the Orb.
     0 | D:1      | Reached XP level 1. HP: 16/16 MP: 3/3
   248 | D:1      | Reached XP level 2. HP: 23/23 MP: 3/5
   479 | D:2      | Found a radiant altar of Vehumet.
   527 | D:2      | Reached skill level 3 in Transmutations
   884 | D:2      | Learned a level 2 spell: Sticks to Snakes
   928 | D:2      | Reached XP level 3. HP: 24/28 MP: 4/6
  1131 | D:2      | Reached skill level 4 in Transmutations
  1171 | D:2      | Reached XP level 4. HP: 23/35 MP: 7/7
  1886 | D:3      | Learned a level 3 spell: Spider Form
  1886 | D:3      | Found an iron altar of Okawaru.
  1975 | D:3      | Reached skill level 5 in Transmutations
  1986 | D:3      | Gained mutation: Your spells are a little harder to cast,
                  | but a little more powerful. [potion of mutation]
  1986 | D:3      | Gained mutation: You are weak. (Str -2) [potion of
                  | mutation]
  1986 | D:3      | Gained mutation: You are very weak. (Str -4) [potion of
                  | mutation]
  1986 | D:3      | Gained mutation: You expend magic power (3 MP) to
                  | strengthen your wands. [potion of mutation]
  2038 | D:3      | Found a glowing drain.
  2041 | D:3      | Reached XP level 5. HP: 28/40 MP: 6/8
  2090 | Sewer    | Entered a sewer
  3147 | D:3      | Reached skill level 6 in Transmutations
  3185 | D:3      | Reached XP level 6. HP: 24/47 MP: 7/9
  3676 | D:4      | Noticed Dowan
  3680 | D:4      | Noticed Duvessa
  3804 | D:4      | Noticed Blork the orc
  3817 | D:4      | Killed Blork the orc
  3817 | D:4      | Reached skill level 7 in Transmutations
  3921 | D:4      | Found an ancient bone altar of Kikubaaqudgha.
  4250 | D:5      | Entered Level 5 of the Dungeon
  4290 | D:5      | Found a staircase to the Ecumenical Temple.
  4310 | Temple   | Entered the Ecumenical Temple
  4551 | D:5      | Your scales start taking on an icy white colour.
  4551 | D:5      | Reached XP level 7. HP: 47/52 MP: 8/10
  4551 | D:5      | Gained mutation: Your flesh is cold resistant. (rC+) [White
                  | Draconian growth]
  4580 | D:5      | Reached skill level 8 in Transmutations
  5166 | D:4      | Killed Dowan
  5166 | D:4      | Reached skill level 9 in Transmutations
  6025 | D:6      | Reached XP level 8. HP: 52/59 MP: 7/11
  6295 | D:6      | Reached skill level 10 in Transmutations
  6496 | D:6      | Learned a level 5 spell: Blade Hands
  7038 | D:6      | Noticed Pikel
  7053 | D:6      | Killed Pikel
  7053 | D:6      | Reached skill level 11 in Transmutations
  7567 | D:7      | Reached XP level 9. HP: 58/64 MP: 9/12
  7657 | D:7      | Reached skill level 12 in Transmutations
  7828 | D:7      | Found a bloodstained altar of Trog.
  7833 | D:7      | Found a glowing golden altar of the Shining One.
  8437 | D:7      | Found a hide-covered altar of Uskayaw.
  8449 | D:7      | Found a hazy altar of Hepliaklqana.
  8453 | D:7      | Found a glowing silver altar of Zin.
  9098 | D:8      | Noticed a two-headed ogre
  9116 | D:8      | Mangled by a two-headed ogre

Levels and vault maps discovered:
D:1:      minmay_arrival_four_circles, layout_basic
D:2:      minmay_roachtagon, layout_loops_ring, nicolae_overflow_crystal_walls
D:3:      layout_rooms, okawaru_ov_weapons_minmay, first_ration,
          portal_sewer_entry_b
D:4:      layout_cave_pools, lemuel_coloured_pillars_altar, uniq_duvessa,
          uniq_blork_the_orc
D:5:      layout_cave_pools, minmay_temple_entry_antechambers
D:6:      layout_cave_pods, uniq_pikel
D:7:      layout_layer_cave, nicolae_overflow_hidden_temple,
          chequers_temple_overflow_statue_of_worship
D:8:      layout_basic, lemuel_round_altar, old_standard_altar,
          gammafunk_ghost_grave
Temple:   minmay_temple_bridge_abc

Skill      XL: |  1  2  3  4  5  6  7  8  9 |
---------------+----------------------------+-----
Transmutations | 3 4 5 6 7 9 11 12 | 12.2
Fighting       | 2 |  2.2
Dodging        | |  1.7
Unarmed Combat | |  3.5
Spellcasting   | |  2.5

Action                   |  1- 3 |  4- 6 |  7- 9 || total
-------------------------+-------+-------+-------++-------
Melee: Spear             |    47 |       |       ||    47
       Unarmed           |     3 |    68 |   179 ||   250
       Headbutt          |     3 |     5 |       ||     8
       Tailslap          |     7 |     8 |    14 ||    29
       Punch             |     3 |     2 |     3 ||     8
       Morningstar       |    68 |   183 |   112 ||   363
       Kick              |     7 |     8 |     1 ||    16
 Cast: Beastly Appendage |    15 |    20 |     3 ||    38
       Spider Form       |       |     9 |    17 ||    26
       Blade Hands       |       |       |     7 ||     7
 Abil: Breathe Frost     |       |       |     3 ||     3
  Use: Scroll            |     3 |     7 |     6 ||    16
       Potion            |       |     2 |       ||     2
 Stab: Sleeping          |     1 |     1 |       ||     2
  Eat: Chunk             |     1 |    11 |    19 ||    31
       Ration            |       |     1 |       ||     1
Armor: Skin              |    49 |    96 |    78 ||   223
Dodge: Dodged            |   100 |   197 |   292 ||   589

Table legend:
 A = Non-vault XP
 B = Vault XP
 C = Vault XP percentage of total XP
 D = Non-vault monster count
 E = Vault monster count
 F = Vault count percentage of total count
                 A         B        C        D         E       F
            +---------+---------+-------+---------+---------+-------
      Total |    2833 |     943 |  25.0 |     135 |      35 |  20.6
            +---------+---------+-------+---------+---------+-------
        D:1 |      15 |       0 |   0.0 |       8 |       0 |   0.0
        D:2 |      92 |      18 |  16.4 |      33 |       9 |  21.4
        D:3 |     156 |      39 |  20.0 |      23 |       7 |  23.3
        D:4 |     271 |     163 |  37.6 |      10 |       2 |  16.7
        D:5 |     608 |       0 |   0.0 |      25 |       0 |   0.0
        D:6 |     672 |     663 |  49.7 |      23 |       1 |   4.2
        D:7 |     982 |       0 |   0.0 |      12 |       0 |   0.0
        D:8 |      37 |       0 |   0.0 |       1 |       0 |   0.0
      Sewer |       0 |      60 | 100.0 |       0 |      16 | 100.0
            +---------+---------+-------+---------+---------+-------
